Stars vs Avalanche
Created - 8 décembre 2016 at 19:28
Goals
|
Stars |
0 |
2 |
2 |
4 |
Avalanche |
1 |
0 |
1 |
2 |
|
Shots
|
Stars |
9 |
8 |
11 |
28 |
Avalanche |
5 |
7 |
14 |
26 |
|
1st period
1. Avalanche , Ryan Smyth 5 (Brandon Yip, David Krejci) at 9:39 (PP)
Penalties :
Michal Handzus (Dal) for Holding (Minor) at 8:37, Brian Lee (Dal) for Hooking (Minor) at 9:49, Michal Handzus (Dal) for Holding Stick (Minor) at 13:45
2nd period
2. Stars , Brendan Smith 2 (Marcus Kruger, Brian Lee) at 14:32
3. Stars , Chris Stewart 1 (Michal Handzus, Ryan Getzlaf) at 15:56
Penalties :
Shane O'Brien (Col) for Holding (Minor) at 2:58, Brian Lee (Dal) for Hooking (Minor) at 16:38
3rd period
4. Avalanche , Brandon Yip 1 (Pernell Karl Subban, Mike Comrie) at 2:37
5. Stars , Peter Worrell 4 (Trevor Daley, Chris Stewart) at 5:04
6. Stars , Chris Stewart 2 (Andrej Meszaros, Mathieu Roy) at 6:04
Penalties :
Johnny Boychuk (Col) for Hooking (Minor) at 7:02, Ryan Getzlaf (Dal) for Unsportsmanlike conduct (Minor) at 10:35, Patrick Marleau (Dal) for Holding Stick (Minor) at 18:54
Goalie Stats
Pascal Leclaire (Dal), 24 saves from 26 shots - (0,923), W, 6-8-0, 60:00 minutes
Semyon Varlamov (Col), 24 saves from 28 shots - (0,857), L, 4-6-2, 60:00 minutes
Players Stats for Stars
Player Name G A P +/- PIM S H SB GA TA FO MP PP MP PK MP
------------------------------------------------------------------------------------
Andrei Markov 0 0 0 0 0 0 0 0 0 0 0/0 20:37 1:56 3:56
Andrej Meszaros 0 1 1 2 0 1 1 1 0 1 0/0 18:39 0:00 6:20
Anthony Stewart 0 0 0 1 0 2 0 1 1 0 0/0 7:37 0:00 0:00
Brendan Smith 1 0 1 1 0 2 1 0 0 2 0/0 21:59 2:02 0:43
Brian Lee 0 1 1 1 4 1 0 1 3 2 0/0 20:45 2:02 0:00
Chris Kunitz 0 0 0 1 0 1 0 0 0 0 1/1 8:48 0:00 1:14
Chris Stewart 2 1 3 3 0 2 0 0 0 1 0/0 13:37 0:27 3:19
Evgeny Artyukhin 0 0 0 -1 0 2 0 0 0 0 0/0 15:34 1:58 0:00
John Tavares 0 0 0 0 0 1 1 1 1 0 10/21 19:29 1:46 2:07
Marcus Kruger 0 1 1 1 0 3 1 1 0 0 5/9 12:53 0:00 5:38
Mathieu Roy 0 1 1 2 0 0 0 0 0 0 0/0 18:54 0:00 6:07
Michal Handzus 0 1 1 3 4 2 2 0 0 0 3/5 12:03 0:14 2:12
Patrick Marleau 0 0 0 -1 2 1 2 0 0 0 0/0 15:19 2:00 0:00
Peter Worrell 1 0 1 3 0 3 2 1 0 1 0/0 14:23 0:00 5:30
Radim Vrbata 0 0 0 0 0 4 1 0 0 0 1/1 17:17 1:46 0:00
Ryan Getzlaf 0 1 1 -1 2 0 3 0 0 0 3/9 15:29 1:58 0:06
Scott Hartnell 0 0 0 0 0 3 1 0 1 1 0/0 17:21 1:45 0:00
Trevor Daley 0 1 1 0 0 0 0 0 0 0 0/0 19:07 1:56 3:00
Players Stats for Avalanche
Player Name G A P +/- PIM S H SB GA TA FO MP PP MP PK MP
------------------------------------------------------------------------------------
Alexander Radulov 0 0 0 0 0 1 1 0 0 0 0/0 18:23 4:16 0:50
Andrei Kostitsyn 0 0 0 0 0 1 3 1 0 0 1/1 21:05 5:25 1:11
Brandon Yip 1 1 2 -2 0 3 0 0 0 2 0/0 12:42 0:22 0:50
Bryan Little 0 0 0 0 0 4 2 1 2 2 11/26 19:54 5:25 0:00
Chuck Kobasew 0 0 0 -1 0 0 0 0 1 0 0/0 8:40 0:00 1:57
Corey Perry 0 0 0 0 0 2 3 0 1 1 0/0 19:54 5:25 0:00
David Krejci 0 1 1 -1 0 0 1 0 0 0 0/1 7:34 0:22 0:21
Jack Johnson 0 0 0 -1 0 0 0 2 1 0 0/0 21:35 0:49 2:28
Jay Bouwmeester 0 0 0 -2 0 1 2 1 0 0 0/0 19:34 5:40 0:35
Johnny Boychuk 0 0 0 0 2 2 1 0 0 0 0/0 20:34 6:12 0:00
Marc Staal 0 0 0 -1 0 1 0 2 0 0 0/0 23:35 3:51 2:00
Mike Comrie 0 1 1 -2 0 0 1 0 1 0 2/6 13:19 0:00 1:57
Mikkel Boedker 0 0 0 0 0 3 4 2 1 0 1/1 17:33 4:16 0:00
Paul Stastny 0 0 0 0 0 3 1 0 1 0 8/11 17:33 4:16 0:00
Pernell Karl Subban 0 1 1 0 0 0 4 1 0 0 0/0 20:43 3:34 1:58
Ryan Smyth 1 0 1 -2 0 3 1 0 0 1 0/0 12:42 0:22 0:50
Shane O'Brien 0 0 0 -2 2 1 1 0 0 0 0/0 14:04 0:00 0:55
Ville Leino 0 0 0 -1 0 1 0 0 0 0 0/0 6:36 0:00 0:00
3 Stars
1 - Chris Stewart (Dal)
2 - Peter Worrell (Dal)
3 - Brendan Smith (Dal)
Power Play
Stars - 0 on 2 Attempt(s) - 0,00%
Avalanche - 1 on 6 Attempt(s) - 16,67%
Penalty Kill
Stars - 5 on 6 Attempt(s) - 83,33%
- Score 0 goal in Penalty Kill
Avalanche - 2 on 2 Attempt(s) - 100,00%
- Score 0 goal in Penalty Kill
Team Stat
Stars - Hits : 15 - Faceoff Wins : 23 - Blocked Shots : 6 - Penalty Minutes : 12
Avalanche - Hits : 25 - Faceoff Wins : 23 - Blocked Shots : 10 - Penalty Minutes : 4
Official
Referees : Kowal Tom and Peel Tim
Linesman : Brad Lazarowich and Brian Mach
Game Notes
No Game Note
Finance
Level 1 -- Attendance: 6000 (100,00%) -- Ticket Income 504 000 $
Level 2 -- Attendance: 4438 (88,76%) -- Ticket Income 221 900 $
Level 3 -- Attendance: 1846 (92,30%) -- Ticket Income 51 688 $
Level 4 -- Attendance: 3544 (88,60%) -- Ticket Income 63 792 $
Luxury Box -- Attendance: 725 (72,50%) -- Ticket Income 121 075 $
Game was played at the Pepsi Center.
Total Attendance: 16553 (91,96%)
Total Ticket Income: 962 455 $
Other Income: 144 368 $
Total Income: 1 106 823 $
Stars
5 vs 5 Forward
Center Left Wing Right Wing Time % Phy DF OF
1 John Tavares Scott Hartnell Radim Vrbata 40 0 2 3
2 Ryan Getzlaf Patrick Marleau Evgeny Artyukhin 30 0 2 3
3 Michal Handzus Peter Worrell Chris Stewart 20 1 2 2
4 Marcus Kruger Chris Kunitz Anthony Stewart 10 1 2 2
5 vs 5 Defense
Defense Defense Time % Phy DF OF
1 Brian Lee Brendan Smith 40 0 3 2
2 Trevor Daley Andrei Markov 30 0 3 2
3 Mathieu Roy Andrej Meszaros 20 1 3 1
4 Mathieu Roy Andrej Meszaros 10 1 3 1
PowerPlay Forward
Center Left Wing Right Wing Time % Phy DF OF
1 John Tavares Patrick Marleau Radim Vrbata 60 0 1 4
2 Ryan Getzlaf Scott Hartnell Evgeny Artyukhin 40 0 1 4
PowerPlay Defense
Defense Defense Time % Phy DF OF
1 Brian Lee Brendan Smith 50 0 2 3
2 Trevor Daley Andrei Markov 50 0 2 3
Penalty Kill 4 Players Forward
Center Wing Time % Phy DF OF
1 Marcus Kruger Peter Worrell 60 1 3 1
2 Michal Handzus Chris Stewart 40 1 3 1
Penalty Kill 4 Players Defense
Defense Defense Time % Phy DF OF
1 Andrej Meszaros Mathieu Roy 60 1 3 1
2 Andrei Markov Andrej Meszaros 40 1 3 1
Penalty Kill - 3 Players Forward
Forward Time % Phy DF OF
1 Michal Handzus 60 1 2 2
2 Scott Hartnell 40 1 2 2
Penalty Kill - 3 Players Defense
Defense Defense Time % Phy DF OF
1 Andrei Markov Mathieu Roy 60 1 2 2
2 Andrej Meszaros Mathieu Roy 40 1 2 2
4 vs 4 Forward
Center Wing Time % Phy DF OF
1 John Tavares Peter Worrell 60 1 2 2
2 Patrick Marleau Scott Hartnell 40 1 2 2
4 vs 4 Defense
Defense Defense Time % Phy DF OF
1 Brian Lee Brendan Smith 50 1 2 2
2 Trevor Daley Andrei Markov 50 1 2 2
Last Minutes Offensive
Center Left Wing Right Wing Defense Defense
John Tavares Peter Worrell Radim Vrbata Brian Lee Brendan Smith
Last Minutes Defensive
Center Left Wing Right Wing Defense Defense
John Tavares Peter Worrell Radim Vrbata Brian Lee Brendan Smith
Goaltenders
Starting : Pascal Leclaire
Backup : Miika Kiprusoff
Extra Forwards
Normal : Chris Stewart, Michal Handzus, Marcus Kruger - PP : Chris Stewart, Michal Handzus - PK : Marcus Kruger
Extra Defensemen
Normal : Mathieu Roy, Andrej Meszaros, Trevor Daley - PP : Mathieu Roy - PK : Andrej Meszaros, Trevor Daley
Penalty Shots
John Tavares, Peter Worrell, Patrick Marleau, Scott Hartnell, Radim Vrbata
Avalanche
5 vs 5 Forward
Center Left Wing Right Wing Time % Phy DF OF
1 Bryan Little Andrei Kostitsyn Corey Perry 40 1 2 2
2 Paul Stastny Mikkel Boedker Alexander Radulov 30 1 2 2
3 Mike Comrie Ryan Smyth Brandon Yip 20 1 2 2
4 David Krejci Ville Leino Chuck Kobasew 10 1 2 2
5 vs 5 Defense
Defense Defense Time % Phy DF OF
1 Marc Staal Jack Johnson 40 1 2 2
2 Shane O'Brien Jay Bouwmeester 30 1 2 2
3 Pernell Karl Subban Johnny Boychuk 30 1 2 2
4 Marc Staal Jack Johnson 0 1 2 2
PowerPlay Forward
Center Left Wing Right Wing Time % Phy DF OF
1 Bryan Little Andrei Kostitsyn Corey Perry 60 1 2 2
2 Paul Stastny Mikkel Boedker Alexander Radulov 40 1 2 2
PowerPlay Defense
Defense Defense Time % Phy DF OF
1 Jay Bouwmeester Johnny Boychuk 60 1 2 2
2 Marc Staal Pernell Karl Subban 40 1 2 2
Penalty Kill 4 Players Forward
Center Wing Time % Phy DF OF
1 Mike Comrie Chuck Kobasew 60 1 2 2
2 Brandon Yip Ryan Smyth 40 1 2 2
Penalty Kill 4 Players Defense
Defense Defense Time % Phy DF OF
1 Marc Staal Jack Johnson 60 1 2 2
2 Pernell Karl Subban Shane O'Brien 40 1 2 2
Penalty Kill - 3 Players Forward
Forward Time % Phy DF OF
1 Mike Comrie 60 1 2 2
2 Chuck Kobasew 40 1 2 2
Penalty Kill - 3 Players Defense
Defense Defense Time % Phy DF OF
1 Pernell Karl Subban Marc Staal 60 1 2 2
2 Shane O'Brien Jack Johnson 40 1 2 2
4 vs 4 Forward
Center Wing Time % Phy DF OF
1 Corey Perry Andrei Kostitsyn 60 1 2 2
2 Mikkel Boedker Bryan Little 40 1 2 2
4 vs 4 Defense
Defense Defense Time % Phy DF OF
1 Marc Staal Jack Johnson 60 1 2 2
2 Shane O'Brien Jay Bouwmeester 40 1 2 2
Last Minutes Offensive
Center Left Wing Right Wing Defense Defense
Bryan Little Andrei Kostitsyn Corey Perry Marc Staal Jack Johnson
Last Minutes Defensive
Center Left Wing Right Wing Defense Defense
Mike Comrie Mikkel Boedker Chuck Kobasew Marc Staal Jack Johnson
Goaltenders
Starting : Semyon Varlamov
Backup : Dan Ellis
Extra Forwards
Normal : Corey Perry, Paul Stastny, Alexander Radulov - PP : Corey Perry, Paul Stastny - PK : Alexander Radulov
Extra Defensemen
Normal : Pernell Karl Subban, Marc Staal, Shane O'Brien - PP : Pernell Karl Subban - PK : Jack Johnson, Shane O'Brien
Penalty Shots
Corey Perry, Andrei Kostitsyn, Mikkel Boedker, Bryan Little, Mike Comrie
% Time on Ice - Stars
Lines # - Real PCT - Wanted PCT - Time Play
Normal Forward
1 - 34% - 40% - 15:33
2 - 30% - 30% - 14:01
3 - 19% - 20% - 8:52
4 - 16% - 10% - 7:33
Normal Defense
1 - 42% - 40% - 19:30
2 - 32% - 30% - 14:45
3 - 19% - 20% - 8:31
4 - 7% - 10% - 3:13
PP Forward
1 - 50% - 60% - 2:00
2 - 50% - 40% - 1:58
PP Defense
1 - 51% - 50% - 2:02
2 - 49% - 50% - 1:56
PK Forward
1 - 67% - 60% - 6:44
2 - 33% - 40% - 3:19
PK Defense
1 - 64% - 60% - 6:23
2 - 36% - 40% - 3:40
PK3 Forward
1 - 0% - 60%
2 - 0% - 40%
PK3 Defense
1 - 0% - 60%
2 - 0% - 40%
44 Forward
1 - 0% - 60%
2 - 0% - 40%
44 Defense
1 - 0% - 50%
2 - 0% - 50%
Last Minute Offensive - 0:00
Last Minute Defensive - 0:00
Total
Forward - 60:00
Defense - 60:00
|
% Time on Ice - Avalanche
Lines # - Real PCT - Wanted PCT - Time Play
Normal Forward
1 - 32% - 40% - 14:51
2 - 29% - 30% - 13:17
3 - 24% - 20% - 11:15
4 - 14% - 10% - 6:36
Normal Defense
1 - 39% - 40% - 18:05
2 - 30% - 30% - 13:41
3 - 31% - 30% - 14:13
4 - 0% - 0% - 0:00
PP Forward
1 - 58% - 60% - 5:47
2 - 42% - 40% - 4:16
PP Defense
1 - 62% - 60% - 6:12
2 - 38% - 40% - 3:51
PK Forward
1 - 79% - 60% - 3:08
2 - 21% - 40% - 0:50
PK Defense
1 - 50% - 60% - 2:00
2 - 50% - 40% - 1:58
PK3 Forward
1 - 0% - 60%
2 - 0% - 40%
PK3 Defense
1 - 0% - 60%
2 - 0% - 40%
44 Forward
1 - 0% - 60%
2 - 0% - 40%
44 Defense
1 - 0% - 60%
2 - 0% - 40%
Last Minute Offensive - 0:00
Last Minute Defensive - 0:00
Total
Forward - 60:00
Defense - 60:00
|
Play by Play
1st period
0:01 of 1st period - John Tavares wins face-off versus Bryan Little in neutral zone.
0:14 of 1st period - Wrist shot by Bryan Little.
0:14 of 1st period - Stopped by Pascal Leclaire with a rebound.
0:16 of 1st period - Wrist shot by Bryan Little.
0:16 of 1st period - Stopped by Pascal Leclaire without a rebound.
0:17 of 1st period - Ryan Getzlaf wins face-off versus Paul Stastny in Stars zone.
0:17 of 1st period - Ryan Getzlaf is hit by Shane O'Brien.
0:27 of 1st period - Wrist shot by Evgeny Artyukhin.
0:27 of 1st period - Shot Misses the Net.
0:48 of 1st period - Slapshot by Chris Stewart.
0:48 of 1st period - Shot Misses the Net.
1:06 of 1st period - Wrist shot by Bryan Little.
1:06 of 1st period - Shot Blocked by Marcus Kruger.
3:04 of 1st period - Wrist shot by Evgeny Artyukhin.
3:04 of 1st period - Stopped by Semyon Varlamov without a rebound.
3:05 of 1st period - Bryan Little wins face-off versus John Tavares in Avalanche zone.
3:35 of 1st period - Trevor Daley is hit by Andrei Kostitsyn.
3:36 of 1st period - Icing by Trevor Daley.
3:37 of 1st period - Paul Stastny wins face-off versus Marcus Kruger in Stars zone.
3:44 of 1st period - Snap shot by Marcus Kruger.
3:44 of 1st period - Stopped by Semyon Varlamov without a rebound.
3:45 of 1st period - Paul Stastny wins face-off versus John Tavares in Avalanche zone.
4:07 of 1st period - Wrist shot by Alexander Radulov.
4:07 of 1st period - Shot Misses the Net.
4:09 of 1st period - Wrist shot by Mikkel Boedker.
4:09 of 1st period - Shot Misses the Net.
4:27 of 1st period - John Tavares is hit by Pernell Karl Subban and loses puck.
4:40 of 1st period - John Tavares is hit by Mikkel Boedker.
4:50 of 1st period - Radim Vrbata is hit by Mikkel Boedker and loses puck.
5:05 of 1st period - Wrist shot by Mikkel Boedker.
5:05 of 1st period - Shot Misses the Net.
5:25 of 1st period - Snap shot by John Tavares.
5:25 of 1st period - Shot Misses the Net.
5:27 of 1st period - Snap shot by Radim Vrbata.
5:27 of 1st period - Stopped by Semyon Varlamov with a rebound.
5:29 of 1st period - Slapshot by Andrej Meszaros.
5:29 of 1st period - Stopped by Semyon Varlamov with a rebound.
5:31 of 1st period - Snap shot by Scott Hartnell.
5:31 of 1st period - Deflect By Radim Vrbata.
5:31 of 1st period - Stopped by Semyon Varlamov with a rebound.
6:05 of 1st period - Snap shot by Scott Hartnell.
6:05 of 1st period - Stopped by Semyon Varlamov with a rebound.
6:07 of 1st period - Slapshot by Radim Vrbata.
6:07 of 1st period - Shot Misses the Net.
6:09 of 1st period - Slapshot by John Tavares.
6:09 of 1st period - Deflect By Paul Stastny.
6:09 of 1st period - Stopped by Semyon Varlamov with a rebound.
6:11 of 1st period - Slapshot by Mathieu Roy.
6:11 of 1st period - Deflect By John Tavares.
6:11 of 1st period - Shot Misses the Net.
6:11 of 1st period - Puck is out of play.
6:12 of 1st period - Michal Handzus wins face-off versus Bryan Little in Avalanche zone.
6:23 of 1st period - Wrist shot by Bryan Little.
6:23 of 1st period - Shot Misses the Net.
6:25 of 1st period - Snap shot by Marc Staal.
6:25 of 1st period - Shot Misses the Net.
8:37 of 1st period - Minor Penalty to Michal Handzus for Holding.
8:38 of 1st period - Marcus Kruger wins face-off versus Bryan Little in Stars zone.
9:39 of 1st period - Snap shot by Ryan Smyth.
9:39 of 1st period - Goal by Ryan Smyth - Stars : 0 - Avalanche : 1.
9:40 of 1st period - Bryan Little wins face-off versus Michal Handzus in neutral zone.
9:49 of 1st period - Minor Penalty to Brian Lee for Hooking.
9:50 of 1st period - Marcus Kruger wins face-off versus Bryan Little in Stars zone.
10:00 of 1st period - Andrej Meszaros is hit by Corey Perry and loses puck.
10:27 of 1st period - Snap shot by Mikkel Boedker.
10:27 of 1st period - Shot Misses the Net.
10:39 of 1st period - Corey Perry is hit by Andrej Meszaros and loses puck.
11:08 of 1st period - Pernell Karl Subban is hit by Peter Worrell and loses puck.
11:49 of 1st period - Penalty to Brian Lee is over, Brian Lee is back on ice.
12:20 of 1st period - Wrist shot by Scott Hartnell.
12:20 of 1st period - Stopped by Semyon Varlamov with a rebound.
12:48 of 1st period - Shane O'Brien is hit by Brendan Smith and loses puck.
12:59 of 1st period - Andrej Meszaros is hit by Paul Stastny.
13:05 of 1st period - Alexander Radulov is hit by Ryan Getzlaf and loses puck.
13:45 of 1st period - Minor Penalty to Michal Handzus for Holding Stick.
13:46 of 1st period - Paul Stastny wins face-off versus Marcus Kruger in Stars zone.
14:25 of 1st period - John Tavares is hit by Bryan Little and loses puck.
15:45 of 1st period - Penalty to Michal Handzus is over, Michal Handzus is back on ice.
16:35 of 1st period - Brian Lee is hit by Mike Comrie and loses puck.
16:46 of 1st period - Snap shot by Mike Comrie.
16:46 of 1st period - Shot Blocked by Anthony Stewart.
17:10 of 1st period - Snap shot by Evgeny Artyukhin.
17:10 of 1st period - Stopped by Semyon Varlamov with a rebound.
17:25 of 1st period - Marc Staal is hit by John Tavares and loses puck.
17:36 of 1st period - Snap shot by Mikkel Boedker.
17:36 of 1st period - Stopped by Pascal Leclaire without a rebound.
17:37 of 1st period - Michal Handzus wins face-off versus Paul Stastny in Stars zone.
17:37 of 1st period - Michal Handzus is hit by Johnny Boychuk.
17:59 of 1st period - Slapshot by Brian Lee.
17:59 of 1st period - Shot Blocked by Bryan Little.
18:05 of 1st period - Pernell Karl Subban is hit by Ryan Getzlaf and loses puck.
18:31 of 1st period - Slapshot by Jay Bouwmeester.
18:31 of 1st period - Stopped by Pascal Leclaire with a rebound.
19:44 of 1st period - Snap shot by Ryan Getzlaf.
19:44 of 1st period - Shot Blocked by Pernell Karl Subban.
19:47 of 1st period - Icing by Andrei Kostitsyn.
19:48 of 1st period - Bryan Little wins face-off versus John Tavares in Avalanche zone.
19:48 of 1st period - Bryan Little is hit by Radim Vrbata.
Goals for this period are 0 for Stars vs 1 for Avalanche.
Shots for this period are 9 for Stars vs 5 for Avalanche.
2nd period
0:01 of 2nd period - Bryan Little wins face-off versus John Tavares in neutral zone.
1:20 of 2nd period - Slapshot by Johnny Boychuk.
1:20 of 2nd period - Shot Misses the Net.
1:22 of 2nd period - Snap shot by Mike Comrie.
1:22 of 2nd period - Shot Misses the Net.
1:24 of 2nd period - Snap shot by Mike Comrie.
1:24 of 2nd period - Shot Misses the Net.
1:26 of 2nd period - Wrist shot by Ryan Smyth.
1:26 of 2nd period - Stopped by Pascal Leclaire with a rebound.
1:30 of 2nd period - Slapshot by Brandon Yip.
1:30 of 2nd period - Stopped by Pascal Leclaire without a rebound.
1:31 of 2nd period - Bryan Little wins face-off versus John Tavares in Stars zone.
1:38 of 2nd period - Wrist shot by Bryan Little.
1:38 of 2nd period - Stopped by Pascal Leclaire with a rebound.
2:04 of 2nd period - Snap shot by Paul Stastny.
2:04 of 2nd period - Stopped by Pascal Leclaire with a rebound.
2:48 of 2nd period - Snap shot by Chris Kunitz.
2:48 of 2nd period - Shot Blocked by Jay Bouwmeester.
2:58 of 2nd period - Minor Penalty to Shane O'Brien for Holding.
2:59 of 2nd period - John Tavares wins face-off versus Mike Comrie in Avalanche zone.
4:09 of 2nd period - Andrei Kostitsyn is hit by Scott Hartnell and loses puck.
4:20 of 2nd period - Andrei Markov is hit by Pernell Karl Subban and loses puck.
4:58 of 2nd period - Penalty to Shane O'Brien is over, Shane O'Brien is back on ice.
6:31 of 2nd period - Andrei Markov is hit by Ryan Smyth and loses puck.
6:49 of 2nd period - Off-side.
6:50 of 2nd period - Paul Stastny wins face-off versus Ryan Getzlaf in neutral zone.
7:00 of 2nd period - Icing by Trevor Daley.
7:01 of 2nd period - Bryan Little wins face-off versus Ryan Getzlaf in Stars zone.
7:08 of 2nd period - Wrist shot by Bryan Little.
7:08 of 2nd period - Stopped by Pascal Leclaire with a rebound.
7:33 of 2nd period - Wrist shot by John Tavares.
7:33 of 2nd period - Shot Blocked by Jack Johnson.
7:35 of 2nd period - Slapshot by Scott Hartnell.
7:35 of 2nd period - Shot Blocked by Marc Staal.
7:37 of 2nd period - Snap shot by Scott Hartnell.
7:37 of 2nd period - Shot Blocked by Mikkel Boedker.
7:39 of 2nd period - Snap shot by Radim Vrbata.
7:39 of 2nd period - Shot Blocked by Marc Staal.
7:55 of 2nd period - Wrist shot by Michal Handzus.
7:55 of 2nd period - Stopped by Semyon Varlamov without a rebound.
7:56 of 2nd period - John Tavares wins face-off versus Bryan Little in Avalanche zone.
7:57 of 2nd period - Backhand shot by Radim Vrbata.
7:57 of 2nd period - Shot Misses the Net.
8:08 of 2nd period - Snap shot by Andrei Kostitsyn.
8:08 of 2nd period - Shot Misses the Net.
8:10 of 2nd period - Snap shot by Bryan Little.
8:10 of 2nd period - Shot Blocked by Brian Lee.
8:12 of 2nd period - Snap shot by Corey Perry.
8:12 of 2nd period - Shot Misses the Net.
8:43 of 2nd period - Snap shot by Chris Stewart.
8:43 of 2nd period - Shot Misses the Net.
8:45 of 2nd period - Wrist shot by Peter Worrell.
8:45 of 2nd period - Shot Misses the Net.
8:47 of 2nd period - Backhand shot by Michal Handzus.
8:47 of 2nd period - Shot Misses the Net.
8:49 of 2nd period - Wrist shot by Peter Worrell.
8:49 of 2nd period - Stopped by Semyon Varlamov with a rebound.
8:51 of 2nd period - Snap shot by Michal Handzus.
8:51 of 2nd period - Shot Misses the Net.
8:53 of 2nd period - Slapshot by Trevor Daley.
8:53 of 2nd period - Shot Misses the Net.
9:03 of 2nd period - Trevor Daley is hit by Corey Perry and loses puck.
9:48 of 2nd period - Ryan Getzlaf is hit by Mikkel Boedker and loses puck.
10:51 of 2nd period - Slapshot by Marcus Kruger.
10:51 of 2nd period - Stopped by Semyon Varlamov with a rebound.
10:57 of 2nd period - Marcus Kruger is hit by Pernell Karl Subban.
11:07 of 2nd period - Trevor Daley is hit by Corey Perry and loses puck.
11:51 of 2nd period - Ryan Smyth is hit by Peter Worrell and loses puck.
12:20 of 2nd period - Jay Bouwmeester is hit by Marcus Kruger and loses puck.
12:39 of 2nd period - Brendan Smith is hit by Bryan Little.
13:24 of 2nd period - Wrist shot by Brandon Yip.
13:24 of 2nd period - Stopped by Pascal Leclaire with a rebound.
13:42 of 2nd period - Wrist shot by Anthony Stewart.
13:42 of 2nd period - Stopped by Semyon Varlamov without a rebound.
13:43 of 2nd period - Marcus Kruger wins face-off versus David Krejci in Avalanche zone.
14:22 of 2nd period - Wrist shot by Chris Kunitz.
14:22 of 2nd period - Stopped by Semyon Varlamov with a rebound.
14:24 of 2nd period - Wrist shot by Chris Kunitz.
14:24 of 2nd period - Shot Misses the Net.
14:26 of 2nd period - Wrist shot by Marcus Kruger.
14:26 of 2nd period - Shot Misses the Net.
14:28 of 2nd period - Slapshot by Brian Lee.
14:28 of 2nd period - Shot Blocked by Jack Johnson.
14:30 of 2nd period - Slapshot by Marcus Kruger.
14:30 of 2nd period - Stopped by Semyon Varlamov with a rebound.
14:32 of 2nd period - Slapshot by Brendan Smith.
14:32 of 2nd period - Goal by Brendan Smith - Stars : 1 - Avalanche : 1.
14:33 of 2nd period - Bryan Little wins face-off versus John Tavares in neutral zone.
15:08 of 2nd period - Off-side.
15:09 of 2nd period - John Tavares wins face-off versus Paul Stastny in neutral zone.
15:14 of 2nd period - Snap shot by Scott Hartnell.
15:14 of 2nd period - Shot Blocked by Mikkel Boedker.
15:56 of 2nd period - Snap shot by Michal Handzus.
15:56 of 2nd period - Deflect By Chris Stewart.
15:56 of 2nd period - Goal by Chris Stewart - Stars : 2 - Avalanche : 1.
15:57 of 2nd period - Bryan Little wins face-off versus John Tavares in neutral zone.
16:12 of 2nd period - Snap shot by Corey Perry.
16:12 of 2nd period - Shot Misses the Net.
16:14 of 2nd period - Slapshot by Marc Staal.
16:14 of 2nd period - Stopped by Pascal Leclaire without a rebound.
16:15 of 2nd period - Paul Stastny wins face-off versus Ryan Getzlaf in Stars zone.
16:32 of 2nd period - Wrist shot by Mikkel Boedker.
16:32 of 2nd period - Shot Misses the Net.
16:38 of 2nd period - Minor Penalty to Brian Lee for Hooking.
16:39 of 2nd period - Bryan Little wins face-off versus Marcus Kruger in Stars zone.
18:38 of 2nd period - Penalty to Brian Lee is over, Brian Lee is back on ice.
18:44 of 2nd period - Brian Lee is hit by David Krejci and loses puck.
19:57 of 2nd period - Mikkel Boedker is hit by Patrick Marleau and loses puck.
Goals for this period are 2 for Stars vs 0 for Avalanche.
Shots for this period are 8 for Stars vs 7 for Avalanche.
3rd period
0:01 of 3rd period - John Tavares wins face-off versus Bryan Little in neutral zone.
0:04 of 3rd period - Snap shot by Radim Vrbata.
0:04 of 3rd period - Stopped by Semyon Varlamov without a rebound.
0:05 of 3rd period - John Tavares wins face-off versus Bryan Little in Avalanche zone.
0:06 of 3rd period - Wrist shot by Radim Vrbata.
0:06 of 3rd period - Stopped by Semyon Varlamov with a rebound.
0:08 of 3rd period - Slapshot by Radim Vrbata.
0:08 of 3rd period - Shot Misses the Net.
0:18 of 3rd period - Brian Lee is hit by Andrei Kostitsyn and loses puck.
0:35 of 3rd period - Wrist shot by Michal Handzus.
0:35 of 3rd period - Shot Misses the Net.
0:37 of 3rd period - Slapshot by Brendan Smith.
0:37 of 3rd period - Stopped by Semyon Varlamov with a rebound.
0:39 of 3rd period - Slapshot by Brian Lee.
0:39 of 3rd period - Stopped by Semyon Varlamov with a rebound.
1:02 of 3rd period - Jack Johnson is hit by Ryan Getzlaf and loses puck.
1:17 of 3rd period - Snap shot by Andrei Kostitsyn.
1:17 of 3rd period - Shot Blocked by Andrej Meszaros.
1:19 of 3rd period - Slapshot by Johnny Boychuk.
1:19 of 3rd period - Stopped by Pascal Leclaire with a rebound.
1:21 of 3rd period - Slapshot by Johnny Boychuk.
1:21 of 3rd period - Stopped by Pascal Leclaire without a rebound.
1:22 of 3rd period - Paul Stastny wins face-off versus John Tavares in Stars zone.
1:27 of 3rd period - Snap shot by Paul Stastny.
1:27 of 3rd period - Stopped by Pascal Leclaire without a rebound.
1:28 of 3rd period - Paul Stastny wins face-off versus John Tavares in Stars zone.
1:37 of 3rd period - Snap shot by Paul Stastny.
1:37 of 3rd period - Stopped by Pascal Leclaire with a rebound.
1:39 of 3rd period - Snap shot by Alexander Radulov.
1:39 of 3rd period - Shot Hit the Post.
1:41 of 3rd period - Snap shot by Alexander Radulov.
1:41 of 3rd period - Stopped by Pascal Leclaire with a rebound.
1:43 of 3rd period - Snap shot by Mikkel Boedker.
1:43 of 3rd period - Stopped by Pascal Leclaire without a rebound.
1:44 of 3rd period - Bryan Little wins face-off versus Michal Handzus in Stars zone.
2:31 of 3rd period - Snap shot by Patrick Marleau.
2:31 of 3rd period - Stopped by Semyon Varlamov without a rebound.
2:32 of 3rd period - Mike Comrie wins face-off versus Ryan Getzlaf in Avalanche zone.
2:37 of 3rd period - Slapshot by Brandon Yip.
2:37 of 3rd period - Goal by Brandon Yip - Stars : 2 - Avalanche : 2.
2:38 of 3rd period - John Tavares wins face-off versus Bryan Little in neutral zone.
3:38 of 3rd period - Snap shot by Michal Handzus.
3:38 of 3rd period - Stopped by Semyon Varlamov with a rebound.
4:44 of 3rd period - Wrist shot by Mikkel Boedker.
4:44 of 3rd period - Shot Misses the Net.
5:00 of 3rd period - Wrist shot by Peter Worrell.
5:00 of 3rd period - Stopped by Semyon Varlamov with a rebound.
5:04 of 3rd period - Wrist shot by Peter Worrell.
5:04 of 3rd period - Goal by Peter Worrell - Stars : 3 - Avalanche : 2.
5:05 of 3rd period - Andrei Kostitsyn wins face-off versus John Tavares in neutral zone.
5:16 of 3rd period - Brendan Smith is hit by Andrei Kostitsyn and loses puck.
6:04 of 3rd period - Snap shot by Chris Stewart.
6:04 of 3rd period - Goal by Chris Stewart - Stars : 4 - Avalanche : 2.
6:05 of 3rd period - Radim Vrbata wins face-off versus Bryan Little in neutral zone.
6:13 of 3rd period - Off-side.
6:14 of 3rd period - John Tavares wins face-off versus Bryan Little in neutral zone.
6:57 of 3rd period - Wrist shot by Andrei Kostitsyn.
6:57 of 3rd period - Stopped by Pascal Leclaire with a rebound.
7:02 of 3rd period - Minor Penalty to Johnny Boychuk for Hooking.
7:03 of 3rd period - Mike Comrie wins face-off versus Ryan Getzlaf in Avalanche zone.
8:11 of 3rd period - Pernell Karl Subban is hit by Patrick Marleau and loses puck.
8:22 of 3rd period - Evgeny Artyukhin is hit by Pernell Karl Subban.
8:38 of 3rd period - Andrei Kostitsyn is hit by Michal Handzus and loses puck.
9:02 of 3rd period - Penalty to Johnny Boychuk is over, Johnny Boychuk is back on ice.
9:17 of 3rd period - Andrej Meszaros is hit by Alexander Radulov and loses puck.
10:00 of 3rd period - Slapshot by Mike Comrie.
10:00 of 3rd period - Shot Misses the Net.
10:35 of 3rd period - Minor Penalty to Ryan Getzlaf for Unsportsmanlike conduct.
10:36 of 3rd period - Marcus Kruger wins face-off versus Bryan Little in Stars zone.
11:03 of 3rd period - Peter Worrell is hit by Jay Bouwmeester and loses puck.
12:29 of 3rd period - Icing by Jack Johnson.
12:30 of 3rd period - Paul Stastny wins face-off versus Marcus Kruger in Avalanche zone.
12:35 of 3rd period - Penalty to Ryan Getzlaf is over, Ryan Getzlaf is back on ice.
12:47 of 3rd period - Snap shot by Brandon Yip.
12:47 of 3rd period - Deflect By Mike Comrie.
12:47 of 3rd period - Shot Misses the Net.
12:47 of 3rd period - Puck is out of play.
12:48 of 3rd period - John Tavares wins face-off versus Bryan Little in Stars zone.
13:39 of 3rd period - Slapshot by Trevor Daley.
13:39 of 3rd period - Deflect By Chris Kunitz.
13:39 of 3rd period - Deflect By Jack Johnson.
13:39 of 3rd period - Shot Misses the Net.
13:39 of 3rd period - Puck is out of play.
13:40 of 3rd period - Chris Kunitz wins face-off versus Bryan Little in Avalanche zone.
13:41 of 3rd period - Wrist shot by Marcus Kruger.
13:41 of 3rd period - Shot Blocked by Andrei Kostitsyn.
14:15 of 3rd period - Backhand shot by Scott Hartnell.
14:15 of 3rd period - Shot Misses the Net.
14:17 of 3rd period - Wrist shot by Scott Hartnell.
14:17 of 3rd period - Stopped by Semyon Varlamov without a rebound.
14:18 of 3rd period - Ryan Getzlaf wins face-off versus Bryan Little in Avalanche zone.
15:09 of 3rd period - Snap shot by Ryan Smyth.
15:09 of 3rd period - Stopped by Pascal Leclaire with a rebound.
15:22 of 3rd period - Ryan Smyth is hit by Michal Handzus and loses puck.
15:41 of 3rd period - Wrist shot by Anthony Stewart.
15:41 of 3rd period - Stopped by Semyon Varlamov without a rebound.
15:42 of 3rd period - Bryan Little wins face-off versus John Tavares in Avalanche zone.
15:51 of 3rd period - Backhand shot by Corey Perry.
15:51 of 3rd period - Stopped by Pascal Leclaire with a rebound.
15:53 of 3rd period - Slapshot by Corey Perry.
15:53 of 3rd period - Stopped by Pascal Leclaire with a rebound.
15:55 of 3rd period - Slapshot by Shane O'Brien.
15:55 of 3rd period - Stopped by Pascal Leclaire with a rebound.
15:57 of 3rd period - Slapshot by Jay Bouwmeester.
15:57 of 3rd period - Shot Blocked by John Tavares.
16:04 of 3rd period - Icing by Andrei Markov.
16:05 of 3rd period - Michal Handzus wins face-off versus Mike Comrie in Stars zone.
16:20 of 3rd period - Snap shot by Brandon Yip.
16:20 of 3rd period - Shot Misses the Net.
16:37 of 3rd period - Wrist shot by Mikkel Boedker.
16:37 of 3rd period - Stopped by Pascal Leclaire with a rebound.
16:39 of 3rd period - Slapshot by Pernell Karl Subban.
16:39 of 3rd period - Shot Blocked by Peter Worrell.
17:13 of 3rd period - Ryan Getzlaf is hit by Jay Bouwmeester and loses puck.
17:20 of 3rd period - Snap shot by Ville Leino.
17:20 of 3rd period - Stopped by Pascal Leclaire without a rebound.
17:21 of 3rd period - John Tavares wins face-off versus Mike Comrie in Stars zone.
17:46 of 3rd period - Ryan Getzlaf is hit by Mikkel Boedker.
17:49 of 3rd period - Off-side.
17:50 of 3rd period - Mikkel Boedker wins face-off versus Ryan Getzlaf in neutral zone.
18:32 of 3rd period - Icing by Ryan Getzlaf.
18:33 of 3rd period - Ryan Getzlaf wins face-off versus Mike Comrie in Stars zone.
18:54 of 3rd period - Minor Penalty to Patrick Marleau for Holding Stick.
18:55 of 3rd period - Marcus Kruger wins face-off versus Bryan Little in Stars zone.
Goals for this period are 2 for Stars vs 1 for Avalanche.
Shots for this period are 11 for Stars vs 14 for Avalanche.
Back to the Top